 Dungeon Crawl Stone Soup version 0.20-a0-700-gbd4582c (webtiles) character file.

818 polly the Cudgeler (level 7, -9/44 HPs)
             Began as a Gargoyle Fighter on Feb 20, 2017.
             Mangled by an ogre
             ... wielding a +0 giant club
              (26 damage)
             ... on level 7 of the Dungeon.
             The game lasted 00:05:18 (3838 turns).

polly the Cudgeler (Gargoyle Fighter)               Turns: 3838, Time: 00:05:19

Health: -9/44      AC: 14    Str: 20    XL:     7   Next: 94%
Magic:  7/7        EV:  6    Int:  9    God:
Gold:   85         SH: 10    Dex: 15    Spells: 6/6 levels left

rFire    . . .     SeeInvis .   o - +0 morningstar "Ynye" {venom, Dex+5} (curse)
rCold    . . .     Gourm    +   t - +0 chain mail
rNeg     + . .     Faith    .   c - +0 shield
rPois    ∞         Spirit   .   (no helmet)
rElec    +         Reflect  .   (no cloak)
rCorr    .         Harm     .   (no gloves)
MR       .....                  (no boots)
Stlth    ..........             r - amulet of the gourmand
Regen    0.2/turn               (no ring)
MPRegen  0.1/turn               (no ring)

@: no status effects
A: negative energy resistance 1, electricity resistance, unbreathing,
petrification resistance, rot immunity, AC +4
a: no special abilities


You were on level 7 of the Dungeon.
You were not hungry.

You visited 1 branch of the dungeon, and saw 9 of its levels.

You collected 328 gold pieces.
You spent 243 gold pieces at shops.

Inventory:

Hand Weapons
 o - the cursed +0 morningstar "Ynye" (weapon) {venom, Dex+5}
   (You bought it in a shop on level 5 of the Dungeon)

   It poisons the flesh of those it strikes.
   It affects your dexterity (+5).
   It has a curse placed upon it.
Armour
 b - a +0 scale mail
 c - a +0 shield (worn)
 t - a +0 chain mail (worn)
Jewellery
 r - an amulet of the gourmand (around neck)
Wands
 w - a wand of lightning (7/15)
Scrolls
 e - 3 scrolls of teleportation {unknown}
 g - a scroll of fog {unknown}
 i - 4 scrolls of identify {unknown}
 j - 2 scrolls of amnesia {unknown}
 l - a scroll of random uselessness {unknown}
 m - 2 scrolls of fear {unknown}
 n - a scroll of enchant weapon {unknown}
 u - a scroll of noise {unknown}
Potions
 a - a potion of haste {unknown}
 d - 3 potions of might
 h - 2 potions of flight {unknown}
 q - 3 potions of curing {unknown}
 s - a potion of invisibility {unknown}
 v - a potion of heal wounds {unknown}
 z - a potion of ambrosia {unknown}
 A - a potion of degeneration {unknown}
Books
 p - a book of Minor Magic

   Spells                             Type                      Level
   a - Magic Dart                     Conjuration                  1
   b - Blink                          Translocation                2
   c - Call Imp                       Summoning                    2
   d - Slow                           Hexes                        2
   e - Conjure Flame                  Conjuration/Fire             3
   f - Mephitic Cloud                 Conjuration/Poison/Air       3
 x - a book of Debilitation

   Spells                             Type                      Level
   a - Corona                         Hexes                        1
   b - Slow                           Hexes                        2
   c - Gell's Gravitas                Hexes/Translocation          3
   d - Inner Flame                    Hexes/Fire                   3
   e - Cause Fear                     Hexes                        4
   f - Leda's Liquefaction            Hexes/Earth                  4
Comestibles
 f - 2 bread rations
 k - 2 meat rations


   Skills:
 + Level 4.3 Fighting
 + Level 5.6 Maces & Flails
 + Level 5.4 Armour
 + Level 1.4 Dodging
 + Level 1.4 Stealth
 + Level 5.4 Shields


You had 6 spell levels left.
You didn't know any spells.

Dungeon Overview and Level Annotations

Branches:
Dungeon (9/15)
 Temple: D:4-7         Lair: D:8-11         Orc: D:9-12

Altars:
Ashenzari

Shops:
D:5 (


Innate Abilities, Weirdness & Mutations

You are resistant to torment.
Your stone body is resilient. (AC +4)
You are immune to poison.
You resist negative energy. (rN+)
You are resistant to electric shocks. (rElec)
You can survive without breathing.
You are immune to petrification.
You are immune to rotting.


Message History

You are too injured to fight recklessly!
You are too injured to fight recklessly!
You are too injured to fight recklessly!
You are too injured to fight recklessly!
You are too injured to fight recklessly!
You are too injured to fight recklessly!
The orc hits you.
You bludgeon the orc!!
You kill the orc!
The orc wizard gestures wildly while chanting.
The orc wizard blinks!
The orc hits you but does no damage.
You barely miss the orc. The orc hits you but does no damage. x2
You block the ogre's attack.
You hit the orc.
The orc is poisoned.
The orc is severely wounded.
The orc hits you but does no damage. The orc wizard completely misses you.
The orc hits you but does no damage. The orc barely misses you.
The ogre hits you with a giant club!!
Ouch! That really hurt!
You die...

#### #...####
#......####...
#..oOo>....?..
#...@o........
#...##.##.....
#### #.# ....
... ... ....
.. .... .
......


You could see an ogre, an orc wizard and 2 orcs.

Vanquished Creatures
  2 ice beasts
  An ogre (D:5)
  A scorpion (D:4)
  A crimson imp (D:5)
  A hound (D:4)
  An orc priest (D:7)
  3 orc wizards
  A centaur skeleton (D:4)
  2 worker ants
  4 gnolls
  5 adders
  A shadow imp (D:5)
  An ooze (D:2)
  3 worms
  3 dart slugs
  3 leopard geckos
  15 orcs
  8 giant cockroaches
  9 hobgoblins
  28 jackals
  7 kobolds
  3 quokkas
  3 ball pythons
  4 bats
  4 frilled lizards
  10 goblins
  A leopard gecko skeleton (D:4)
  A quokka skeleton (D:4)
  8 rats
134 creatures vanquished.

Notes
Turn   | Place    | Note
-------+----------+-------------------------------------------
     0 | D:1      | polly the Gargoyle Fighter began the quest for the Orb.
     0 | D:1      | Reached XP level 1. HP: 14/14 MP: 1/1
   252 | D:1      | Reached XP level 2. HP: 18/19 MP: 2/2
   420 | D:1      | Reached XP level 3. HP: 23/23 MP: 3/3
  1440 | D:3      | Reached XP level 4. HP: 18/28 MP: 4/4
  1810 | D:3      | Reached XP level 5. HP: 33/33 MP: 5/5
  2404 | D:4      | Noticed an ice beast
  2414 | D:4      | Killed an ice beast
  2414 | D:4      | Reached XP level 6. HP: 30/38 MP: 6/6
  2464 | D:4      | Reached skill level 1 in Dodging
  2480 | D:4      | Reached skill level 5 in Armour
  2749 | D:5      | Entered Level 5 of the Dungeon
  2806 | D:5      | Found Wigentugh's Antique Weapon Shoppe.
  2837 | D:5      | Reached XP level 7. HP: 15/43 MP: 7/7
  2848 | D:5      | Reached skill level 1 in Stealth
  2862 | D:5      | Bought a sapphire morningstar for 243 gold pieces
  2862 | D:5      | Identified the cursed +0 morningstar "Ynye" {venom, Dex+5} (You bought it in a shop on level 5 of the Dungeon)
  3061 | D:5      | Reached skill level 5 in Maces & Flails
  3061 | D:5      | Reached skill level 5 in Shields
  3096 | D:5      | Found a shattered altar of Ashenzari.
  3778 | D:6      | You fall through a shaft for 3 floors!
  3838 | D:7      | Mangled by an ogre

Vault maps used:
D:1:      dpeg_cavernosity, st_stairs_1
D:2:      first_bread
D:3:      kb_forest_paths
D:4:      kennysheep_big_flooded_room
D:5:      lemuel_upstairs_altar, gup_sewer_entry_bubbles, serial_shops,
          nicolae_shop_stone, kennysheep_minor_cross,
          cheibrodos_ashenzari_chains
D:6:      minivault_23
D:7:      minmay_temple_entry_trees
D:8:      slow_altar_2

Skill      XL: |  1  2  3  4  5  6  7 |
---------------+----------------------+-----
Shields        | 4 5 |  5.4
Armour         | 4 5 |  5.4
Maces & Flails | 3 4 5 |  5.6
Dodging        | 1 |  1.4
Fighting       | 4 |  4.3
Stealth        | 1 |  1.4

Action                   |  1- 3 |  4- 6 |  7- 9 || total
-------------------------+-------+-------+-------++-------
Melee: Flail             |   125 |   101 |       ||   226
       Morningstar       |       |   143 |   181 ||   324
Throw: Throwing net      |       |     1 |       ||     1
 Stab: Held in net/web   |       |     2 |       ||     2
  Eat: Chunk             |     2 |     5 |     2 ||     9
       Bread ration      |       |       |     1 ||     1
Armor: Scale mail        |    61 |    51 |       ||   112
       Chain mail        |       |    72 |   134 ||   206
Dodge: Dodged            |    39 |    63 |    46 ||   148
Block: Shield            |    51 |   140 |   104 ||   295
